 Dungeon Crawl Stone Soup version 0.28.0-1-gb440e238dd (webtiles) character file.

Game seed: 1130038856599581470

366 pkoi the Firebug (level 6, -6/45 HPs)
             Began as a Draconian Fire Elementalist on Feb 21, 2022.
             Killed by divine providence
             ... invoked by an orc priest
              (13 damage)
             ... on level 4 of the Dungeon.
             The game lasted 00:05:37 (2896 turns).

pkoi the Firebug (Draconian Fire Elementalist)      Turns: 2896, Time: 00:05:37

Health: -6/45      AC: 10    Str: 10    XL:     6   Next: 40%
Magic:  6/10       EV: 16    Int: 17    God:
Gold:   171        SH:  0    Dex: 12    Spells: 7/11 levels left

rFire   . . .      SeeInvis .   r - +2 whip (drain)
rCold   . . .      Faith    .   (no shield)
rNeg    . . .      Spirit   .   (armour unavailable)
rPois   .          Reflect  .   (helmet restricted)
rElec   .          Harm     .   (no cloak)
rCorr   .          Rampage  .   (no gloves)
Will    .....                   (no boots)
Stlth   ++........              g - amulet of magic regeneration
HPRegen 0.15/turn               e - +4 ring of protection
MPRegen 0.52/turn               i - +4 ring of evasion

@: no status effects
A: AC +6, unfitting armour, cold-blooded
a: no special abilities


You were on level 4 of the Dungeon.
You visited 1 branch of the dungeon, and saw 4 of its levels.
You also visited: Sewer.

You collected 171 gold pieces.

Inventory:

Hand Weapons
 b - a +0 hand axe
 h - a +1 vorpal mace
 r - a +2 whip of draining (weapon)
Jewellery
 e - a +4 ring of protection (left hand)
 g - an amulet of magic regeneration (around neck)
 i - a +4 ring of evasion (right hand)
 q - a +6 ring of strength
Scrolls
 a - a scroll of vulnerability {unknown}
 c - 3 scrolls of identify {unknown}
 d - a scroll of teleportation {unknown}
 k - a scroll of magic mapping {unknown}
 m - a scroll of immolation {unknown}
 n - a scroll of amnesia {unknown}
 p - a scroll of torment {unknown}
 s - a scroll of summoning {unknown}
 t - a scroll of fear {unknown}
Potions
 f - 2 potions of degeneration {unknown}
 j - a potion of mutation {unknown}
 l - 2 potions of curing {unknown}
 o - a potion of ambrosia {unknown}


   Skills:
 - Level 1.7 Dodging
 - Level 1.7 Stealth
 + Level 3.2 Spellcasting
 * Level 4.2 Conjurations
 * Level 5.1 Fire Magic


You had 7 spell levels left.
You knew the following spells:

 Your Spells              Type           Power      Damage    Failure   Level
a - Foxfire               Conj/Fire      72%        2x1d7     2%          1
b - Conjure Flame         Conj/Fire      18%        6-21      8%          3

Your spell library contained the following spells:

 Spells                   Type           Power      Damage    Failure   Level
 Scorch                   Fire           40%        2d7       3%          2
 Inner Flame              Hex/Fire       11%        N/A       19%         3
 Flame Wave               Conj/Fire      18%        2d6       26%         4


Dungeon Overview and Level Annotations

Branches:
Dungeon (4/15)              Sewer (visited)
 Temple: D:4-7

Altars:

Annotations:
D:2 1 runed translucent door, Crazy Yiuf


Innate Abilities, Weirdness & Mutations

Your plain brown scales are hard. (AC +6)
You cannot fit into any form of body armour.
You are cold-blooded and may be slowed by cold attacks.


Message History

The foxfire hits the orc priest but does no damage.
The orc wizard hits you but does no damage.
Unknown command.
Casting: Foxfire (safe; 2% risk of failure)
Press: ? - help, Q - select action, (/) - cycle Dir - look around, f - activate You conjure some foxfire!
The foxfire hits the orc priest but does no damage.
The orc wizard closely misses you.
Unknown command.
You hit the orc wizard.
The orc wizard is heavily wounded.
The foxfire hits the orc priest but does no damage. x2
The orc priest barely misses you. The orc wizard barely misses you.
The orc priest calls upon Beogh to heal the orc wizard.
The orc wizard is healed somewhat.
Unknown command.
Casting: Foxfire (safe; 2% risk of failure)
Press: ? - help, Q - select action, (/) - cycle Dir - look around, f - activate You conjure some foxfire!
The orc wizard complains loudly, as Orcs often do.
The orc wizard closely misses you. The orc priest hits you with a +0 club.
* * * LOW HITPOINT WARNING * * *
You hit the orc priest but do no damage.
You drain the orc priest.
The orc priest is moderately wounded.
The foxfire hits the orc priest.
The orc priest is moderately wounded.
The foxfire hits the orc priest but does no damage.
The orc priest is moderately wounded.
The orc wizard barely misses you.
The orc priest mumbles some strange prayers to Beogh against you.
Beogh smites you!
* * * LOW HITPOINT WARNING * * *
Casting: Foxfire (safe; 2% risk of failure)
Press: ? - help, Q - select action, (/) - cycle Dir - look around, f - activate You conjure some foxfire!
The orc wizard closely misses you.
The orc priest invokes the aid of Beogh against you.
Beogh smites you!
You die... ...... ...... ......# .......### .......# ..)..# ########### #oov#

#.........##
#@v###.#######..#
##..##.#≈≈≈≈≈#..#
#..##.#≈≈.≈≈'..#
##..#.#≈≈≈≈≈#..#
#....#######..#
##.............#
##.).#########..#
##.÷.## #.##
##..[## #.#


You could see an orc priest (drained, ally target) and an orc wizard.

Vanquished Creatures
  Pargi (Sewer)
  2 orc priests (D:4)
  An orc wizard (D:4)
  A hound skeleton (D:4)
  6 adders
  4 gnolls (D:4)
  4 dart slugs
  8 orcs (D:4)
  4 ball pythons
  5 endoplasms
  4 giant cockroaches
  5 hobgoblins
  4 jackals (D:2)
  9 kobolds
  A quokka (D:1)
  7 bats
  6 frilled lizards
  6 rats
78 creatures vanquished.

Vanquished Creatures (others)
  266 foxfires
266 creatures vanquished.

Grand Total: 344 creatures vanquished

Notes
Turn   | Place    | Note
-------+----------+-------------------------------------------
     0 | D:1      | pkoi the Draconian Fire Elementalist began the quest for
                  | the Orb.
     0 | D:1      | Reached XP level 1. HP: 14/14 MP: 3/3
   311 | D:1      | Reached XP level 2. HP: 20/20 MP: 1/5
  1195 | D:2      | Reached XP level 3. HP: 26/26 MP: 3/6
  1271 | D:2      | Found a runed translucent door.
  1272 | D:2      | Noticed Crazy Yiuf
  1436 | D:2      | Found a faded altar of an unknown god.
  1811 | D:3      | Learned a level 3 spell: Conjure Flame
  2057 | D:3      | Reached XP level 4. HP: 33/33 MP: 3/7
  2256 | D:4      | Reached skill level 4 in Fire Magic
  2354 | D:4      | Reached XP level 5. HP: 25/38 MP: 6/9
  2382 | D:4      | Found a glowing drain.
  2498 | Sewer    | Entered a sewer
  2715 | Sewer    | Noticed Pargi
  2727 | Sewer    | Killed Pargi
  2728 | Sewer    | Reached XP level 6. HP: 41/45 MP: 10/10
  2885 | D:4      | Reached skill level 5 in Fire Magic
  2896 | D:4      | Killed from afar by an orc priest

Illustrated notes

Levels and vault maps discovered:
D:1:      co_arrival_random_square_maze, layout_rooms
D:2:      layout_basic, chequers_ecumenical_altar_island,
          uniq_crazy_yiuf_cottage
D:3:      layout_rooms, grunt_ministairs_14, grunt_decor_junction
D:4:      layout_layer_cave, gup_sewer_entry_glass

Skill      XL: |  1  2  3  4  5  6 |
---------------+-------------------+-----
Conjurations   | 2 3 4 |  4.2
Fire Magic     | 4 5 |  5.1
Spellcasting   | 3 |  3.2
Dodging        | |  1.7
Stealth        | |  1.7

Action                   |  1- 3 |  4- 6 || total
-------------------------+-------+-------++-------
Melee: Hand axe          |    19 |       ||    19
       Tailslap          |     1 |     1 ||     2
       Mace              |       |     2 ||     2
       Whip              |       |    19 ||    19
 Cast: Foxfire           |    70 |    78 ||   148
 Stab: Sleeping          |     1 |       ||     1
Armor: Skin              |    14 |    35 ||    49
Dodge: Dodged            |     9 |    62 ||    71
